 Dungeon Crawl Stone Soup version 0.15.0-31-geb66e34 (webtiles) character file.

1677 Kae the Martial Artist (level 8, 0/59 HPs)
             Began as a Mottled Draconian Transmuter on Sept 14, 2014.
             Was a Believer of Qazlal.
             Succumbed to a kobold's poison
             ... on Level 6 of the Dungeon.
             The game lasted 00:13:38 (7511 turns).

Kae the Martial Artist (DrTm)                       Turns: 7511, Time: 00:13:39

HP   0/59        AC  8     Str 15      XL: 8   Next: 70%
MP  13/13        EV 12     Int 16      God: Qazlal [**....]
Gold 117         SH  3     Dex 14      Spells:  4 memorised,  0 levels left

rFire  . . .     SeeInvis .       - Unarmed
rCold  . . .     Clarity  +     (armour unavailable)
rNeg   + . .     rCorr    .     (no shield)
rPois  .         rRot     .     (helmet restricted)
rElec  .         Spirit   .     g - +1 cloak
SustAb +         Warding  .     (no gloves)
rMut   .         Stasis   .     (no boots)
Gourm  .                        v - amulet of the Hidden Suns {Clar Str+2 Int+3}
MR     .....                    z - ring of sustain abilities
                                k - ring of positive energy

@: lethally poisoned, not resistant to hostile enchantments, very unstealthy
A: breathe sticky flames, unfitting armour, breathe flames 1, cold-blooded, AC
+6
a: Breathe Sticky Flame, Upheaval, Renounce Religion, Breathe Fire


You were on level 6 of the Dungeon.
You worshipped Qazlal.
Qazlal was pleased with you.
You were not hungry.

You visited 1 branch of the dungeon, and saw 6 of its levels.

You collected 272 gold pieces.
You spent 155 gold pieces at shops.

Inventory:

Missiles
 b - 87 arrows
Armour
 g - a +1 cloak (worn)
Magical devices
 t - a wand of fireball (9) {unknown}
Comestibles
 a - 5 bread rations
 c - a royal jelly
 r - 3 slices of pizza
 u - a meat ration
Scrolls
 e - 5 scrolls of identify
 f - a scroll of recharging
 i - 6 scrolls of remove curse
 l - a scroll of noise
 m - a scroll of blinking {unknown}
 A - 2 scrolls of enchant armour
Jewellery
 h - an uncursed amulet of guardian spirit
 k - a ring of positive energy (left hand)
 v - the amulet of the Hidden Suns (around neck) {Clar Str+2 Int+3}
   (You bought it in a shop on level 5 of the Dungeon)

   [amulet of clarity]

   It provides mental clarity.
   It affects your strength (+2).
   It affects your intelligence (+3).
 y - an uncursed ring of wizardry
 z - a ring of sustain abilities (right hand)
Potions
 j - a potion of lignification
 o - 3 potions of restore abilities
 s - a potion of invisibility
 w - a potion of flight {unknown}
 x - 4 potions of brilliance
Books
 d - a book of Changes

   Spells                             Type                      Level
   *Beastly Appendage                 Transmutation                1
   *Sticks to Snakes                  Transmutation                2
   *Spider Form                       Transmutation/Poison         3
   Ice Form                           Ice/Transmutation            4
   *Blade Hands                       Transmutation                5
 B - a book of Battle

   Spells                             Type                      Level
   Infusion                           Charms                       1
   Shroud of Golubria                 Charms/Translocation         2
   Song of Slaying                    Charms                       2
   Spectral Weapon                    Hexes/Charms                 3
   Regeneration                       Charms/Necromancy            3


   Skills:
 - Level 1.1 Fighting
 - Level 1.7 Dodging
 * Level 9.7 Unarmed Combat
 - Level 2.0 Spellcasting
 + Level 6.5 Transmutations


You couldn't memorise any spells.
You knew the following spells:

 Your Spells              Type           Power        Failure   Level  Hunger
a - Beastly Appendage     Trmt           ###...       1%          1    #......
b - Sticks to Snakes      Trmt           ###.......   1%          2    ###....
c - Spider Form           Trmt/Pois      ##........   17%         3    ####...
d - Blade Hands           Trmt           ###.......   38%         5    ######.


Dungeon Overview and Level Annotations

Branches:
Dungeon (6/15)             Temple (0/1) D:5

Altars:
Fedhas
Makhleb
Qazlal
Yredelemnul
The Shining One

Shops:
D:4 [   D:5 *

Annotations:
D:6 Menkaure


Innate Abilities, Weirdness & Mutations

You can spit globs of burning liquid.
You can ignite nearby creatures when you spit burning liquid.
Your weird mottled scales are hard (AC +6).
Your body does not fit into most forms of armour.
Your cold-blooded metabolism reacts poorly to cold.
You can breathe flames.


Message History

* * * LOW HITPOINT WARNING * * *
You feel sick.
Read which item? (? for menu, Esc to quit)
Okay, then.
Unknown command.
Unknown command.
Put on which piece of jewellery? (? for menu, Esc to quit)
You're wearing all the rings you can.
Remove which one? (? for menu, Esc to cancel) < or
k - a ring of positive energy; > or
y - a ring of wizardry You remove your ring of wizardry.
z - a ring of sustain abilities (right hand)
* * * LOW HITPOINT WARNING * * *
You feel sick.
Drink which item? (? for menu, Esc to quit)
Magic courses through your body.
It was a potion of magic.
Drink which item? (? for menu, Esc to quit)
Your throat feels hot.
You feel fantastic!
It was a potion of beneficial mutation.
You die...

### ##### #.. #?..####.#
# ## #......#.# ####.#
....###...##(#.####[...#
.........#.(..@(...(.####
##...####)##.#....#
##..?..#.##.#....#
####.....#.##....#.#
#<................ ..
#.##.....#.##....#. ##
#.##.....#.##.#.##K#
##.###.####.###.#....# #
#......M....# #.#....#


There were no monsters in sight!

Vanquished Creatures
  The ghost of xsansara the Basher, an experienced GrFi (D:6)
  A phantom (D:4)
  2 ice beasts
  2 ogres
  Sigmund (D:5)
  A giant frog (D:6)
  2 scorpions (D:5)
  A goliath beetle (D:6)
  A crimson imp (D:5)
  4 hounds
  A giant frog zombie (D:5)
  2 orc priests
  2 orc wizards
  3 iguanas (D:5)
  3 worker ants
  An ogre skeleton (D:5)
  A big kobold skeleton (D:5)
  3 gnolls (D:2)
  10 adders
  6 worms
  3 oozes
  15 orcs
  11 bats
  5 giant cockroaches
  10 goblins
  15 hobgoblins
  12 jackals
  A ball python (D:5)
  A ball python skeleton (D:4)
  4 giant geckos
  A giant gecko skeleton (D:4)
  7 giant newts
  18 kobolds
  A kobold skeleton (D:4)
  2 quokkas (D:5)
  A quokka zombie (D:5)
  10 rats
165 creatures vanquished.

Notes
Turn   | Place    | Note
--------------------------------------------------------------
     0 | D:1      | Kae, the Draconian Transmuter, began the quest for the Orb.
     0 | D:1      | Reached XP level 1. HP: 16/16 MP: 3/3
   268 | D:1      | Reached XP level 2. HP: 17/23 MP: 2/4
   394 | D:1      | Learned a level 2 spell: Sticks to Snakes
   785 | D:1      | Reached XP level 3. HP: 21/28 MP: 6/6
   864 | D:2      | Reached skill level 4 in Unarmed Combat
  1352 | D:2      | Reached XP level 4. HP: 11/35 MP: 7/7
  1710 | D:2      | Found a basalt altar of Yredelemnul.
  1711 | D:2      | Found a stormy altar of Qazlal.
  1771 | D:2      | Became a worshipper of Qazlal Stormbringer
  2791 | D:3      | Reached skill level 5 in Unarmed Combat
  2950 | D:3      | Reached XP level 5. HP: 37/40 MP: 7/9
  3416 | D:3      | Acquired Qazlal's first power
  4055 | D:4      | Learned a level 3 spell: Spider Form
  4065 | D:4      | Reached XP level 6. HP: 45/47 MP: 10/10
  4154 | D:4      | Found Kuim's Antique Armour Boutique.
  4355 | D:4      | Reached skill level 6 in Unarmed Combat
  5454 | D:4      | HP: 2/47 [phantom (7)]
  5727 | D:4      | Your scales start taking on a weird mottled pattern.
  5727 | D:4      | Reached XP level 7. HP: 52/52 MP: 9/12
  5732 | D:4      | Reached skill level 7 in Unarmed Combat
  5913 | D:5      | Entered Level 5 of the Dungeon
  5913 | D:5      | Found a glowing golden altar of the Shining One.
  5914 | D:5      | Found a burning altar of Makhleb.
  5914 | D:5      | Found a blossoming altar of Fedhas.
  5940 | D:5      | Noticed Sigmund
  5953 | D:5      | Killed Sigmund
  6013 | D:5      | Reached skill level 5 in Transmutations
  6550 | D:5      | Acquired Qazlal's second power
  6564 | D:5      | Reached skill level 8 in Unarmed Combat
  6602 | D:5      | Found Ipren's Assorted Antiques.
  6612 | D:5      | Bought a shimmering crystal amulet for 155 gold pieces
  6614 | D:5      | Identified the amulet of the Hidden Suns {Clar Str+2 Int+3} (You bought it in a shop on level 5 of the Dungeon)
  6619 | D:5      | Reached XP level 8. HP: 51/59 MP: 13/13
  7124 | D:5      | Found a staircase to the Ecumenical Temple.
  7193 | D:6      | Reached skill level 9 in Unarmed Combat
  7218 | D:6      | Noticed xsansara's ghost (experienced GrFi)
  7237 | D:6      | Killed xsansara's ghost
  7396 | D:6      | Learned a level 5 spell: Blade Hands
  7479 | D:6      | Noticed Menkaure
  7506 | D:6      | HP: 2/59 [poisoned by a kobold]
  7511 | D:6      | Gained mutation: You can breathe flames. [potion of beneficial mutation]
  7511 | D:6      | Succumbed to a kobold's poison

Action                   |  1- 3 |  4- 6 |  7- 9 || total
-------------------------+-------+-------+-------++-------
Melee: Unarmed           |   171 |   373 |   207 ||   751
 Cast: Beastly Appendage |     9 |    25 |     6 ||    40
       Sticks to Snakes  |     2 |       |       ||     2
       Spider Form       |       |       |     2 ||     2
 Abil: Breathe Sticky Fl |       |       |     2 ||     2
  Use: Potion            |       |     3 |     2 ||     5
       Scroll            |       |    12 |     1 ||    13
 Stab: Sleeping          |       |     2 |       ||     2
  Eat: Chunk             |     1 |    15 |     7 ||    23
